AoeStats
← Isengard

Nomad

509031329Analyzed
4v4 RM · 7d ago on Sep 25, 2026· 32m 37s· 8 players
Game mode
Random Map
Map size
231×231
Population
200
Speed
Normal
Resources
Standard
Victory
Conquest
Starting age
Dark Age
Ending age
Imperial Age
RankedLock teamsTeams togetherTeam positionsShared explorationLock speedFull tech treeHidden civsTurbo modeCheats
Victory
Defeat
🇺🇸 Persians · United States
1419
+12
🇹🇼 Mongols · Taiwan
1374
+14
🇻🇳 Mongols · Vietnam
1372
+14
🇩🇿 Huns · Algeria
1297
+18
🇨🇳 Byzantines · China
1361
-16
🇨🇳 Franks · China
1338
-15
🇰🇷 Vikings · South Korea
1321
-14
🇰🇷 Koreans · South Korea
1298
-13
战歌
5:09 Loom
14:01 Feudal Age
15:07 Man-at-Arms
16:40 Arson
16:48 Fishing Lines
23:17 Castle Age
21:35 Double-Bit Axe
23:41 Fletching
PLEASE, PLEASE, PLEASE
3:53 Loom
5:43 Loom
14:38 Feudal Age
19:31 Castle Age
18:09 Double-Bit Axe
19:10 Gold Mining
20:09 Scale Mail Armor
24:06 Arson
27:32 Wheelbarrow
30:23 Squires
Gustavsson
5:10 Loom
13:44 Feudal Age
17:50 Fishing Lines
21:58 Castle Age
21:22 Double-Bit Axe
25:38 Gillnets
25:59 Medium Warships
26:42 Medium Warships
29:09 Fletching
30:49 Bow Saw
30:33 Gold Mining
30:33 Stone Mining
苏东坡的粉丝
5:12 Loom
14:14 Feudal Age
14:59 Fishing Lines
19:39 Castle Age
17:35 Double-Bit Axe
17:34 Fishing Lines
18:56 Horse Collar
19:35 Gold Mining
21:00 Bow Saw
23:40 Sanctity
26:58 Redemption
29:56 Atonement
30:07 Fervor
Isengard
8:02 Loom
13:01 Feudal Age
19:07 Castle Age
17:51 Bloodlines
17:54 Forging
17:49 Scale Barding Armor
18:03 Gold Mining
18:02 Double-Bit Axe
18:05 Fishing Lines
21:05 Bow Saw
22:01 Husbandry
29:22 Stone Mining
29:55 Horse Collar
WololoMyEx
4:12 Loom
13:51 Feudal Age
14:34 Double-Bit Axe
20:03 Castle Age
18:35 Horse Collar
20:54 Wheelbarrow
21:38 Bow Saw
22:35 Fletching
23:41 Bodkin Arrow
26:25 Padded Archer Armor
27:54 Ballistics
30:15 Leather Archer Armor
33:20 Hand Cart
32:52 Town Watch
飛衫走奶
4:02 Loom
12:55 Feudal Age
16:39 Castle Age
14:33 Double-Bit Axe
14:33 Horse Collar
18:24 Wheelbarrow
18:55 Bow Saw
18:49 Heavy Plow
26:53 Hand Cart
27:53 Fletching
28:04 Padded Archer Armor
28:50 Bodkin Arrow
30:09 Ballistics
30:07 Leather Archer Armor
33:43 Imperial Age
31:48 Forging
31:44 Scale Barding Armor
31:54 Bloodlines
31:48 Husbandry
Tiểu Long Nữ
4:37 Loom
13:31 Feudal Age
18:34 Castle Age
17:48 Double-Bit Axe
18:10 Gold Mining
19:27 Fletching
21:08 Husbandry
21:30 Bodkin Arrow
23:27 Ballistics
24:58 Padded Archer Armor
25:11 Bloodlines
30:14 Gold Shaft Mining
30:04 Horse Collar
33:47 Wheelbarrow
Connection lost

Rejoining the realm…

Still unreachable

The connection could not be restored.

Session expired

The server has moved on; the page needs a fresh start.